 Dungeon Crawl Stone Soup version 0.32-a0-975-g85d4e5bfdb (webtiles) character file.

Game seed: 16108837466074318438

314163 jasper the Slayer (level 20, -6/202 HPs)
             Began as a Mountain Dwarf Fighter on Apr 19, 2024.
             Was the Champion of Okawaru.
             Mangled by a warg (11 damage)
             ... led by an orc knight
             ... on level 4 of the Vaults.
             The game lasted 00:58:50 (37026 turns).

jasper the Slayer (Mountain Dwarf Fighter)         Turns: 37026, Time: 00:58:51

Health: -6/202     AC: 34    Str: 45    XL:     20   Next: 82%
Magic:  25/26      EV:  9    Int:  8    God:    Okawaru [******]
Gold:   880        SH: 25    Dex: 24    Spells: 19/19 levels left

rFire   + . .        E - +0 broad axe (vamp)
rCold   . . .        o - +5 Storm Queen's Shield {shock, Fly rElec}
rNeg    + . .        p - +9 chain mail "Wimiov" {Will- Dex+9}
rPois   .            d - +2 helmet {SInv}
rElec   +            b - +2 cloak {Stlth+}
rCorr   +            Q - +2 pair of gloves of Gallantry {Str+5}
SInv    +            l - +0 pair of boots
Will    ++...        A - amulet "Zicy" {Reflect Will+ rCorr SH+5} Stlth
                     j - ring of Mim Toqu {rF+ Str+5 Dex+6}
HPRegen 0.53/turn    I - ring "Someeku" {rN+ rCorr Str+6 Stlth-}
MPRegen 0.20/turn

%: reflection
@: finesse-ful, marked, corroded, flying, slowed, very slow
A: runic magic, artefact enchanting
}: 1/15 runes: barnacled
a: Renounce Religion, Heroism, Finesse, Duel


You were on level 4 of the Vaults.
You worshipped Okawaru.
Okawaru was exalted by your worship.
You visited 6 branches of the dungeon, and saw 32 of its levels.
You visited 1 bazaar.
You also visited: Gauntlet.

You collected 5356 gold pieces.
You spent 4476 gold pieces at shops.

Inventory:

Hand Weapons
 E - a +0 vampiric broad axe (weapon)
 N - a +5 broad axe of electrocution
Missiles
 k - 33 boomerangs (quivered)
 t - 28 silver javelins
 G - 16 curare-tipped darts
 L - 30 javelins
 M - 10 throwing nets
 T - 9 datura-tipped darts
 X - 26 atropa-tipped darts
Armour
 b - a +2 cloak of stealth (worn)
 d - a +2 helmet of see invisible (worn)
 l - a +0 pair of boots (worn)
 o - the +5 Storm Queen's Shield (worn) {shock, Fly rElec}
   (You took it off a minotaur in a Gauntlet)

   Shock:     When it blocks an attack, it may electrocute the attacker.
   This works even against foes who are a short distance away.
   rElec:     It insulates you from electricity.
   Fly:       It grants you flight.
 p - the +9 chain mail "Wimiov" (worn) {Will- Dex+9}
   (You bought it in a shop on level 2 of the Orcish Mines)

   Dex+9:     It affects your dexterity (+9).
   Will-:     It decreases your willpower.
 Q - the +2 pair of gloves of Gallantry (worn) {Str+5}
   (You acquired it on level 11 of the Dungeon)

   Str+5:     It affects your strength (+5).
Jewellery
 e - a ring of ice
 i - a +4 ring of slaying
 j - the ring of Mim Toqu (left hand) {rF+ Str+5 Dex+6}
   (You found it in a Gauntlet)

   [ring of dexterity]

   Str+5:     It affects your strength (+5).
   Dex+6:     It affects your dexterity (+6).
   rF+:       It protects you from fire.
 x - a ring of poison resistance
 A - the amulet "Zicy" (around neck) {Reflect Will+ rCorr SH+5}
   (You acquired it on level 3 of the Lair of Beasts)

   [amulet of reflection]

   Reflect:   It reflects blocked missile attacks.
   Will+:     It increases your willpower.
   rCorr:     It protects you from acid and corrosion.
   SH+5:      It affects your SH (+5).
 I - the ring "Someeku" (right hand) {rN+ rCorr Str+6 Stlth-}
   (You bought it in a shop on level 2 of the Orcish Mines)

   [ring of strength]

   Str+6:     It affects your strength (+6).
   rN+:       It protects you from negative energy.
   rCorr:     It protects you from acid and corrosion.
   Stlth-:    It makes you less stealthy.
 Y - a ring of protection from fire
Wands
 a - a wand of flame (7)
 F - a wand of quicksilver (31)
 O - a wand of roots (14)
 U - a wand of digging (10)
Scrolls
 c - 2 scrolls of poison
 f - 19 scrolls of teleportation
 u - 3 scrolls of immolation
 v - 8 scrolls of enchant armour
 y - 2 scrolls of blinking
 J - a scroll of revelation
 K - 15 scrolls of identify
 R - 5 scrolls of fog
 S - 2 scrolls of vulnerability
 V - a scroll of fear
Potions
 g - a potion of heal wounds
 h - 3 potions of attraction
 m - 4 potions of enlightenment
 n - a potion of curing
 q - 3 potions of cancellation
 r - 7 potions of mutation
 s - 2 potions of degeneration
 w - 9 potions of ambrosia
 z - a potion of magic
 B - 7 potions of might
 C - 3 potions of lignification
 D - a potion of berserk rage
 H - 7 potions of invisibility
 P - 2 potions of brilliance
 Z - 3 potions of haste
Miscellaneous
 W - a phial of floods


   Skills:
 - Level 22.5 Fighting
 - Level 18.0 Axes
 + Level 15.2 Throwing
 - Level 21.0 Armour
 - Level 14.1 Shields
 - Level 8.0 Invocations


You had 19 spell levels left.
You didn't know any spells.
Your spell library contained the following spells:

 Spells                   Type           Power      Damage    Failure   Level
 Apportation              Tloc           0%         N/A       54%         1
 Foxfire                  Conj/Fire      0%         2x1d4     54%         1
 Freeze                   Ice            0%         1d3       54%         1
 Necrotise                Necr           0%         1d4       54%         1
 Blink                    Tloc           0%         N/A       67%         2
 Cigotuvi's Dreadful Rot  Necr/Alch/Air  0%         N/A       67%         2
 Ensorcelled Hibernation  Hex/Ice        0%         N/A       67%         2
 Jinxbite                 Hex            0%         N/A       67%         2
 Lesser Beckoning         Tloc           0%         N/A       67%         2
 Momentum Strike          Conj/Tloc      0%         3d8       67%         2
 Scorch                   Fire           0%         2d5       67%         2
 Static Discharge         Conj/Air       0%         3-3/arc   67%         2
 Sublimation of Blood     Necr           0%         N/A       67%         2
 Dazzling Flash           Conj/Hex       0%         N/A       88%         3
 Frozen Ramparts          Ice            0%         1d1       88%         3
 Fugue of the Fallen      Necr           0%         N/A       88%         3
 Hailstorm                Conj/Ice       0%         3d5       88%         3
 Inner Flame              Hex/Fire       0%         N/A       88%         3
 Mephitic Cloud           Conj/Alch/Air  0%         N/A       88%         3
 Ozocubu's Armour         Ice            0%         N/A       88%         3
 Passwall                 Erth           0%         N/A       88%         3
 Sigil of Binding         Hex            0%         N/A       88%         3
 Swiftness                Air            0%         N/A       88%         3
 Teleport Other           Tloc           0%         N/A       88%         3
 Vampiric Draining        Necr           0%         2d6       88%         3
 Airstrike                Air            0%         2d(0-16)  99%         4
 Anguish                  Hex/Necr       0%         N/A       99%         4
 Cause Fear               Hex            0%         N/A       99%         4
 Dimensional Bullseye     Hex/Tloc       0%         N/A       99%         4
 Dispel Undead            Necr           0%         3d6       99%         4
 Flame Wave               Conj/Fire      0%         2d4       99%         4
 Leda's Liquefaction      Alch/Erth      0%         N/A       99%         4
 Olgreb's Toxic Radiance  Alch           0%         N/A       99%         4
 Petrify                  Alch/Erth      0%         N/A       99%         4
 Sticky Flame             Fire/Alch      0%         2d4       99%         4
 Alistair's Intoxication  Alch           0%         N/A       100%        5
 Arcjolt                  Conj/Air       0%         1d10      100%        5
 Borgnjor's Vile Clutch   Necr/Erth      0%         N/A       100%        5
 Curse of Agony           Necr           0%         N/A       100%        5
 Metabolic Englaciation   Hex/Ice        0%         N/A       100%        5
 Silence                  Hex/Air        0%         N/A       100%        5
 Dispersal                Tloc           0%         N/A       100%        6
 Eringya's Noxious Bog    Alch           0%         4d6       100%        6
 Gell's Gavotte           Tloc           0%         2d(11-16) 100%        6
 Permafrost Eruption      Ice/Erth       0%         2x4d1     100%        6
 Plasma Beam              Fire/Air       0%         2x1d10    100%        6
 Starburst                Conj/Fire      0%         6d3       100%        6
 Enfeeble                 Hex            0%         N/A       100%        7
 Manifold Assault         Tloc           0%         N/A       100%        7
 Ozocubu's Refrigeration  Ice            0%         4d7       100%        7
 Rimeblight               Ice/Necr       0%         2d3       (prima100%   7
 Borgnjor's Revivificati  Necr           0%         N/A       100%        8
 Discord                  Hex            0%         N/A       100%        8
 Fulsome Fusillade        Conj/Alch      0%         (3-5)d4   100%        8
 Maxwell's Capacitive Co  Air            0%         ∞         100%        8
 Death's Door             Necr           0%         N/A       100%        9
 Call Canine Familiar     Summ           Unusable   N/A       N/A         3
 Summon Ice Beast         Ice/Summ       Unusable   N/A       N/A         3
 Animate Dead             Necr           Unusable   N/A       N/A         4
 Martyr's Knell           Necr/Summ      Unusable   N/A       N/A         4
 Summon Lightning Spire   Summ/Air       Unusable   N/A       N/A         4
 Summon Forest            Summ/Tloc      Unusable   N/A       N/A         5
 Death Channel            Necr           Unusable   N/A       N/A         6
 Sculpt Simulacrum        Ice/Alch       Unusable   N/A       N/A         6
 Summon Cactus Giant      Summ           Unusable   N/A       N/A         6
 Haunt                    Necr/Summ      Unusable   N/A       N/A         7
 Summon Hydra             Summ           Unusable   N/A       N/A         7

Dungeon Overview and Level Annotations

Branches:
Dungeon (15/15)            Temple (1/1) D:4            Lair (5/5) D:9
 Shoals (4/4) Lair:2       Spider (0/4) Lair:3        Slime (0/5) Lair:5
    Orc (2/2) D:12            Elf (0/3) Orc:2        Vaults (5/5) D:14
  Crypt (0/3) Vaults:2     Depths (0/4) D:15        Gauntlet (visited)

Altars:
Ashenzari
Cheibriados
Dithmenos
Elyvilon
Fedhas
Gozag
Hepliaklqana
Kikubaaqudgha
Makhleb
Nemelex Xobeh
Okawaru
Qazlal
Ru
Sif Muna
Trog
Uskayaw
Vehumet
Wu Jian
Xom
Yredelemnul
Zin
The Shining One
Beogh
Jiyva

Shops:
D:4 (   D:6 (   D:7 :!!*   Orc:2 =[*(   Shoals:1 (   Vaults:2 [   Vaults:3 *([*
Vaults:4 :[

Annotations:
D:5 2 transporters, Fodor's ghost, novice MiFi
D:8 2 transporters, Gadrel's ghost, novice NaAr
Lair:1 3 runed translucent doors, Zomec's ghost, journeyman TrSh


Innate Abilities, Weirdness & Mutations

Your spellcasting is much less encumbered by armour.
You can use scrolls of enchantment on lesser artefacts.


Message History

Unknown command.
You block the storm dragon's attack.
Your shield discharges, shocking the storm dragon!
The storm dragon completely resists.
You block the storm dragon's attack.
The storm dragon tramples you but does no damage.
You block the warg's attack.
Your shield discharges, shocking the warg!
The deep elf high priest calls down the wrath of its god upon you.
Something smites you!
The tengu reaver hits you but does no damage.
The tengu reaver pecks you but does no damage.
The tengu reaver barely misses you.
The yaktaur captain throws an atropa-tipped dart.
The atropa-tipped dart hits you.
You are confused.
The vault sentinel blows a loud note on a signal horn!
The titan hits you!
The storm dragon bites you but does no damage.
The storm dragon claws you. The storm dragon tramples you!
You hold your ground!
The titan hits you!
* * * LOW HITPOINT WARNING * * *
The stone giant barely misses you.
The deep elf high priest hits you but does no damage.
The tengu reaver barely misses you.
The tengu reaver pecks you but does no damage.
The tengu reaver claws you!
* * * LOW HITPOINT WARNING * * *
The titan hits you.
* * * LOW HITPOINT WARNING * * *
A mysterious force pulls you upwards. The hatch slams shut behind you.
You take 64 damage, and have 51/202 hp.
MASSIVE DAMAGE!!
You feel better. You block the warg's attack.
Your shield discharges, shocking the warg!
You block the storm dragon's attack. x2
The storm dragon tramples you but does no damage.
The tengu reaver casts a spell at you. The bolt of cold hits you!!!
* * * LOW HITPOINT WARNING * * *
The warg bites you!
You die...

.###..###..#...'#.##...#....#
.###..###..#...#...#...#....#
.#......+..#############....#####
.#......#...................#....
.###..###....^..............'....
...#..#..).)................#....
...####.....................#....
...............CQe..........#....
...............h@c..........#....
###############D#################
...### #...........# .....##
#...###=....# .[[)..#
#...'.#.....# .[>[..#
#...#.#####.# ####### .[[[..#
#...#.#)..#.# #.....# .....##
#.#######'#.###.....# ...###
#.#...#:#[..##.......


You could see a titan (empowered), a storm dragon, a tengu reaver (empowered,
repels missiles), a yaktaur captain, a deep elf high priest and a warg.

Vanquished Creatures
  2 dread liches (Vaults:4)
  Xtahua (Vaults:2)
  Saint Roka (Vaults:1)
  Bai Suzhen (Shoals:3)
  Margery (Vaults:2)
  A golden dragon (Vaults:5)
  Nikola (Vaults:1)
  Jory (Vaults:4)
  Mlioglotl (Shoals:3)
  A hellephant (Vaults:2)
  4 titans
  A quicksilver dragon (Vaults:4)
  5 sphinxes
  Gastronok (Lair:2)
  5 krakens
  An ancient champion (Vaults:2)
  Aizul (Shoals:3)
  A storm dragon (Vaults:5)
  Kirke (Lair:5)
  A shadow dragon (Vaults:5)
  2 fire giants
  A deep elf sorcerer (Vaults:5)
  23 vault wardens
  6 orc warlords
  Ilsuiw (Shoals:2)
  Louise (D:14)
  17 ironbound preservers
  4 formless jellyfish
  A very ugly thing (Vaults:5)
  3 ironbound thunderhulks
  4 stone giants
  A deep elf death mage (Vaults:2)
  16 dire elephants
  4 war gargoyles
  Azrael (D:12)
  A minotaur (Gauntlet)
  2 ettins
  16 merfolk impalers
  Snorg (D:14)
  Josephine (D:14)
  3 crystal guardians
  2 merfolk javelineers
  A deep elf high priest (Vaults:5)
  3 entropy weavers
  10 yaktaur captains
  Harold (D:10)
  4 great orbs of eyes
  Erolcha (D:12)
  Fannar (D:12)
  3 peacekeepers
  A hell beast (Gauntlet)
  9 ironbound frosthearts
  An ogre mage (Vaults:5)
  35 vault guards
  2 alligator snapping turtles
  7 hydras
  3 merfolk avatars
  7 boulder beetles
  21 centaur warriors
  A catoblepas (D:15)
  3 two-headed ogres
  4 merfolk aquamancers (Shoals:4)
  2 tengu warriors
  3 satyrs
  A death knight (D:14)
  7 death yaks (Lair:5)
  Urug (D:10)
  3 hell knights (Vaults:2)
  A shock serpent (shapeshifter) (Vaults:1)
  A deep elf knight (D:14)
  3 orc high priests
  Amaemon (Lair:2)
  2 skysharks
  5 skeletal warriors (D:13)
  31 deep trolls
  A goliath frog (Lair:5)
  A sixfirhy (D:11)
  13 sea snakes
  3 arcanists
  3 phantasmal warriors
  4 lindwurms
  18 ironbound convokers
  2 lindwurms (shapeshifter)
  2 necromancers
  23 harpies
  2 deep elf pyromancers (D:14)
  8 orc sorcerers
  23 ugly things
  10 cyclopes
  20 orc knights
  An obsidian bat (Orc:1)
  A shining eye (shapeshifter) (Vaults:1)
  15 manticores
  9 fauns
  7 water nymphs
  A meliai (shapeshifter) (D:15)
  4 meliai
  15 merfolk sirens
  8 elephants (Lair:4)
  5 black mambas
  20 slime creatures
  3 kobold blastminers
  22 cane toads
  11 vault sentinels
  An orange demon (Lair:2)
  3 unseen horrors
  3 rime drakes
  An efreet (D:14)
  13 komodo dragons
  A kobold demonologist (D:14)
  3 freezing wraiths
  2 tengu conjurers
  Psyche (D:10)
  22 yaktaurs
  2 queen bees
  14 trolls
  3 polar bears
  A polar bear (shapeshifter) (D:15)
  47 merfolk
  3 wind drakes
  4 tyrant leeches
  2 hornets
  A dream sheep (shapeshifter) (Vaults:1)
  8 dream sheep
  7 snapping turtles
  23 blink frogs
  4 shadows
  2 culicivoras (Lair:3)
  7 water elementals
  11 wraiths
  5 wyverns
  A basilisk (shapeshifter) (D:15)
  A vampire (D:10)
  7 hogs (Lair:5)
  3 basilisks
  A fire elemental (D:12)
  2 wargs (Orc:1)
  64 yaks
  A steam dragon (Lair:3)
  Edmund (D:5)
  15 vampire mosquitoes
  An acid dragon (D:8)
  4 swamp worms (Gauntlet)
  7 hell hounds
  23 water moccasins
  29 orc warriors
  A sky beast (D:6)
  4 black bears
  An ice beast (D:6)
  2 laughing skulls (D:15)
  7 wolves
  4 ogres
  8 centaurs
  A phantom (D:6)
  3 kobold brigands
  21 bullfrogs
  A gnoll sergeant (D:8)
  6 scorpions
  5 wights (D:8)
  31 killer bees
  A bombardier beetle (D:3)
  An electric eel (Lair:5)
  4 howler monkeys
  3 quasits (D:5)
  17 orc priests
  2 hounds
  4 jellies
  7 iguanas
  24 orc wizards
  Terence (D:2)
  Natasha (thrice) (D:2)
  3 river rats (Lair:3)
  7 adders
  6 gnolls
  A shadow imp (D:6)
  A white imp (D:5)
  6 ufetubi
  6 dart slugs
  76 orcs
  5 ball pythons
  4 endoplasms
  6 giant cockroaches
  4 goblins
  9 hobgoblins
  4 jackals (D:2)
  3 quokkas
  3 training dummies (Shoals:1)
  A bat (D:1)
  4 frilled lizards
  23 kobolds
  5 rats
  13 tentacles
1283 creatures vanquished.

Vanquished Creatures (others)
  Sonja (D:13)
  2 fauns (Shoals:4)
  A manticore (Shoals:4)
  A merfolk (Shoals:1)
  A wraith (Vaults:2)
  13 tentacles
19 creatures vanquished.

Grand Total: 1302 creatures vanquished

Notes
Turn   | Place    | Note
-------+----------+-------------------------------------------
     0 | D:1      | jasper the Mountain Dwarf Fighter began the quest for the
                  | Orb.
     0 | D:1      | Reached XP level 1. HP: 19/19 MP: 1/1
   194 | D:1      | Reached XP level 2. HP: 20/26 MP: 2/2
   642 | D:1      | Reached XP level 3. HP: 4/31 MP: 3/3
   879 | D:2      | Noticed Terence
   884 | D:2      | Killed Terence
   885 | D:2      | Reached skill level 5 in Axes
   885 | D:2      | Reached XP level 4. HP: 24/38 MP: 4/4
  1011 | D:2      | Identified the +0 plate armour "Yckis" {Dex+2 Slay+6}
  1051 | D:2      | Noticed Natasha
  1068 | D:2      | Killed Natasha
  1098 | D:2      | Noticed Natasha
  1105 | D:2      | Killed Natasha
  1106 | D:2      | Reached XP level 5. HP: 23/45 MP: 5/5
  1155 | D:2      | Noticed Natasha
  1300 | D:2      | Killed Natasha
  2199 | D:4      | Found a bloodstained altar of Trog.
  2275 | D:4      | Found a staircase to the Ecumenical Temple.
  2290 | Temple   | Entered the Ecumenical Temple
  2305 | Temple   | Became a worshipper of Warmaster Okawaru
  2461 | D:4      | Found Plog's Antique Weapon Boutique.
  2556 | D:4      | Reached XP level 6. HP: 51/51 MP: 6/6
  2917 | D:5      | Entered Level 5 of the Dungeon
  3018 | D:5      | Noticed Edmund
  3026 | D:5      | Killed Edmund
  3027 | D:5      | Reached XP level 7. HP: 53/57 MP: 7/7
  3143 | D:5      | Reached skill level 10 in Axes
  3143 | D:5      | Reached * piety under Okawaru
  3273 | D:5      | Found a transporter.
  3275 | D:5      | Noticed Fodor's ghost (novice MiFi)
  3391 | D:5      | Reached skill level 1 in Invocations
  3423 | D:5      | Found a transporter.
  4278 | D:6      | Reached XP level 8. HP: 66/66 MP: 9/9
  4329 | D:6      | Reached skill level 4 in Fighting
  4476 | D:6      | Reached ** piety under Okawaru
  4644 | D:6      | Reached skill level 5 in Fighting
  4779 | D:6      | Found Ytoesusm's Weapon Shop.
  5220 | D:7      | Found Eliol's Book Emporium.
  5223 | D:7      | Found Jeqetieh's Distillery.
  5223 | D:7      | Found Nezaicwe's Distillery.
  5228 | D:7      | Bought a potion of curing for 45 gold pieces
  5228 | D:7      | Bought a potion of might for 60 gold pieces
  5228 | D:7      | Bought a potion of lignification for 45 gold pieces
  5228 | D:7      | Bought a potion of berserk rage for 75 gold pieces
  5228 | D:7      | Bought a potion of mutation for 120 gold pieces
  5228 | D:7      | Bought a potion of attraction for 45 gold pieces
  5376 | D:7      | Found Zin's Purification Station.
  5380 | D:7      | Found a glowing silver altar of Zin.
  5490 | D:7      | Reached *** piety under Okawaru
  5491 | D:7      | Reached skill level 6 in Fighting
  5491 | D:7      | Reached XP level 9. HP: 55/75 MP: 10/10
  5644 | D:7      | Found a glowing golden altar of the Shining One.
  5867 | D:8      | Identified the +0 kite shield of Duck's Teeth {-Cast Will+
                  | Str+2 Stlth+}
  5897 | D:8      | Found a transporter.
  5898 | D:8      | Identified the +2 spear of Tuylues {elec, rElec Dex+2
                  | Stlth+}
  5953 | D:8      | Noticed a troll
  5963 | D:8      | Killed a troll
  5966 | D:8      | Reached skill level 7 in Fighting
  6178 | D:8      | Found a radiant altar of Vehumet.
  6525 | D:8      | Identified the ring of Itaqoij {Fly SInv}
  6559 | D:8      | Found a transporter.
  6570 | D:8      | Noticed Gadrel's ghost (novice NaAr)
  6938 | D:9      | Noticed a cyclops
  6953 | D:9      | Killed a cyclops
  6967 | D:9      | Reached skill level 8 in Fighting
  6967 | D:9      | Reached skill level 15 in Axes
  6967 | D:9      | Reached XP level 10. HP: 63/88 MP: 11/11
  6969 | D:9      | Reached **** piety under Okawaru
  7110 | D:9      | Found a staircase to the Lair.
  7527 | D:9      | Noticed a two-headed ogre
  7537 | D:9      | Killed a two-headed ogre
  7538 | D:9      | Reached skill level 9 in Fighting
  7783 | D:9      | Reached ***** piety under Okawaru
  8064 | D:10     | Entered Level 10 of the Dungeon
  8082 | D:10     | Noticed Harold
  8093 | D:10     | Killed Harold
  8093 | D:10     | Received a gift from Okawaru
  8094 | D:10     | Reached skill level 10 in Fighting
  8403 | D:10     | Noticed Urug
  8416 | D:10     | Killed Urug
  8417 | D:10     | Reached skill level 5 in Armour
  8417 | D:10     | Reached skill level 5 in Shields
  8417 | D:10     | Reached XP level 11. HP: 65/100 MP: 4/12
  8677 | D:10     | Noticed a two-headed ogre
  8689 | D:10     | Killed a two-headed ogre
  8832 | D:10     | Noticed Psyche
  8969 | D:10     | Killed Psyche
  9043 | D:10     | Noticed a two-headed ogre
  9043 | D:10     | Noticed a boulder beetle
  9056 | D:10     | Killed a boulder beetle
  9090 | D:10     | Reached skill level 11 in Fighting
  9100 | D:10     | Killed a two-headed ogre
  9677 | D:11     | Identified a scroll of acquirement
  9677 | D:11     | Acquired the +2 pair of gloves of Gallantry {Str+5}
  9823 | D:11     | Noticed a sixfirhy
  9824 | D:11     | Found a runed translucent door.
 10047 | D:11     | Noticed a six-headed hydra
 10064 | D:11     | Killed a six-headed hydra
 10235 | D:11     | Received a gift from Okawaru
 10677 | D:11     | Killed a sixfirhy
 10678 | D:11     | Reached XP level 12. HP: 69/110 MP: 13/13
 10894 | Lair:1   | Entered Level 1 of the Lair of Beasts
 10906 | Lair:1   | Identified the +0 ring mail of the Eight Demons {+Inv
                  | rCorr}
 11112 | Lair:1   | Found a runed translucent gate.
 11112 | Lair:1   | Found a runed translucent gate.
 11112 | Lair:1   | Found a runed translucent gate.
 11113 | Lair:1   | Noticed a ten-headed hydra
 11113 | Lair:1   | Noticed Zomec's ghost (journeyman TrSh)
 11113 | Lair:1   | Noticed a 12-headed hydra
 11784 | Lair:2   | Received a gift from Okawaru
 11839 | Lair:2   | Noticed Gastronok
 11857 | Lair:2   | Killed Gastronok
 11858 | Lair:2   | Reached skill level 12 in Fighting
 12010 | Lair:2   | Noticed a four-headed hydra
 12029 | Lair:2   | Killed a four-headed hydra
 12181 | Lair:2   | Noticed Amaemon
 12186 | Lair:2   | Noticed a seven-headed hydra
 12190 | Lair:1   | Reached skill level 5 in Invocations
 12215 | Lair:1   | Killed a seven-headed hydra
 12522 | Lair:2   | Received a gift from Okawaru
 12555 | Lair:2   | Killed Amaemon
 13030 | Lair:2   | Found a staircase to the Shoals.
 13184 | Lair:3   | Reached XP level 13. HP: 112/118 MP: 19/19
 13326 | Lair:3   | Received a gift from Okawaru
 13767 | Lair:3   | Found a hole to the Spider Nest.
 13799 | Lair:3   | Acquired the amulet "Zicy" {Reflect Will+ rCorr SH+5}
 14110 | Lair:3   | Reached skill level 13 in Fighting
 14514 | Lair:4   | Reached skill level 10 in Armour
 14516 | Lair:4   | Reached skill level 10 in Shields
 14534 | Lair:4   | Reached ****** piety under Okawaru
 14548 | Lair:4   | Acquired the +6 war axe of Skirmishing {antimagic, rElec
                  | rF+ Str+6 Dex-3}
 14548 | Lair:4   | Received a gift from Okawaru
 14550 | Lair:4   | Acquired the +0 plate armour "Sack" {Rampage rPois rCorr
                  | Int+3}
 14550 | Lair:4   | Received a gift from Okawaru
 14678 | Lair:4   | Received a gift from Okawaru
 14908 | Lair:4   | Identified the +4 chain mail of Forking Paths {rC+ Stlth+}
 15265 | Lair:5   | Entered Level 5 of the Lair of Beasts
 15440 | Lair:5   | Received a gift from Okawaru
 15457 | Lair:5   | Reached skill level 14 in Fighting
 15611 | Lair:5   | Reached XP level 14. HP: 132/132 MP: 20/20
 15825 | Lair:5   | Noticed Kirke
 15839 | Lair:5   | Received a gift from Okawaru
 15868 | Lair:5   | Killed Kirke
 16136 | Lair:5   | Found a viscous altar of Jiyva.
 16136 | Lair:5   | Found a staircase to the Slime Pits.
 16173 | Lair:5   | Received a gift from Okawaru
 16440 | Lair:5   | Reached skill level 15 in Fighting
 17058 | D:12     | Found Wiraoqysm's Book Emporium.
 17278 | D:12     | Noticed Erolcha
 17297 | D:12     | Noticed Azrael
 17303 | D:12     | Killed Erolcha
 17304 | D:12     | Received a gift from Okawaru
 17320 | D:12     | Killed Azrael
 17694 | D:12     | Noticed Fannar
 17701 | D:12     | Killed Fannar
 17852 | D:12     | Found a staircase to the Orcish Mines.
 17860 | D:12     | Found a roughly hewn altar of Beogh.
 18070 | Orc:1    | Entered Level 1 of the Orcish Mines
 18217 | Orc:2    | Entered Level 2 of the Orcish Mines
 18366 | Orc:2    | Noticed an orc warlord
 18398 | Orc:2    | Killed an orc warlord
 18435 | Orc:2    | Received a gift from Okawaru
 18616 | Orc:2    | Found a roughly hewn altar of Beogh.
 18619 | Orc:2    | Reached XP level 15. HP: 82/143 MP: 21/21
 18915 | Orc:2    | Found Coumit's Jewellery Shop.
 18925 | Orc:2    | Found Nujaon's Antique Armour Shop.
 18949 | Orc:2    | Bought a warped chain mail for 304 gold pieces
 18949 | Orc:2    | Identified the +9 chain mail "Wimiov" {Will- Dex+9} (You
                  | bought it in a shop on level 2 of the Orcish Mines)
 18949 | Orc:2    | Bought a polished chain mail for 304 gold pieces
 18949 | Orc:2    | Identified the +2 chain mail "Gohig" {rElec Str+3 Slay-5
                  | SInv} (You bought it in a shop on level 2 of the Orcish
                  | Mines)
 19370 | Orc:2    | Bought the ring "Someeku" {rN+ rCorr Str+6 Stlth-} for 668
                  | gold pieces
 19380 | Orc:2    | Found Kusix's General Store.
 19387 | Orc:2    | Bought a potion of heal wounds for 80 gold pieces
 19410 | Orc:2    | Found Waajyomn's Antique Weapon Shop.
 19429 | Orc:2    | Found a staircase to the Elven Halls.
 19455 | Orc:2    | Reached skill level 16 in Fighting
 19704 | Orc:2    | Found a roughly hewn altar of Beogh.
 20120 | Orc:1    | You fall into a shaft and drop 1 floor!
 20491 | D:13     | Received a gift from Okawaru
 20652 | D:13     | Noticed Sonja
 20662 | D:13     | Killed Sonja
 21403 | D:14     | Noticed Josephine
 21421 | D:14     | Killed Josephine
 21786 | D:14     | Noticed Louise
 21810 | D:14     | Killed Louise
 21951 | D:14     | Noticed a fire giant
 21964 | D:14     | Killed a fire giant
 21964 | D:14     | Received a gift from Okawaru
 21965 | D:14     | Reached skill level 17 in Fighting
 22251 | D:14     | Reached skill level 15 in Armour
 22519 | D:14     | Found a gate to the Vaults.
 22648 | D:14     | Noticed Snorg
 22654 | D:14     | Killed Snorg
 22726 | D:14     | Received a gift from Okawaru
 23202 | D:15     | Entered Level 15 of the Dungeon
 23280 | D:15     | Found a gate leading to a gauntlet.
 23297 | Gauntlet | Entered a Gauntlet
 23297 | Gauntlet | Found a transporter.
 23297 | Gauntlet | Found a transporter.
 23300 | Gauntlet | Found a transporter.
 23301 | Gauntlet | Found a transporter.
 23302 | Gauntlet | Found a transporter.
 23302 | Gauntlet | Found a transporter.
 23313 | Gauntlet | Found a transporter.
 23315 | Gauntlet | Found a transporter.
 23325 | Gauntlet | Found a transporter.
 23329 | Gauntlet | Found a transporter.
 23329 | Gauntlet | Found a transporter.
 23425 | Gauntlet | Found a transporter.
 23634 | Gauntlet | Identified the +3 morningstar of Doubt {drain, Dex+4}
 23654 | Gauntlet | Reached XP level 16. HP: 105/152 MP: 16/22
 23667 | Gauntlet | Identified the ring of Mim Toqu {rF+ Str+5 Dex+6}
 24212 | D:15     | Found a staircase to the Depths.
 24295 | D:15     | Received a gift from Okawaru
 24353 | D:15     | Found a shadowy altar of Dithmenos.
 24623 | Shoals:1 | Entered Level 1 of the Shoals
 24870 | Shoals:1 | Reached skill level 18 in Fighting
 24902 | Shoals:1 | Noticed a kraken
 24914 | Shoals:1 | Killed a kraken
 24941 | Shoals:1 | Noticed a kraken
 24948 | Shoals:1 | Killed a kraken
 24994 | Shoals:1 | Received a gift from Okawaru
 25019 | Shoals:1 | Noticed a kraken
 25040 | Shoals:1 | Noticed a kraken
 25102 | Shoals:1 | Killed a kraken
 25103 | Shoals:1 | Killed a kraken
 25127 | Shoals:1 | Found Gykos's Firing Range.
 25160 | Shoals:1 | Bought a throwing net for 51 gold pieces
 25160 | Shoals:1 | Bought a throwing net for 51 gold pieces
 25160 | Shoals:1 | Bought 2 silver javelins for 306 gold pieces
 25160 | Shoals:1 | Bought 4 silver javelins for 612 gold pieces
 25819 | Shoals:2 | Noticed a kraken
 25826 | Shoals:2 | Killed a kraken
 25843 | Shoals:2 | Reached skill level 19 in Fighting
 26285 | Shoals:2 | Received a gift from Okawaru
 26317 | Shoals:2 | Noticed Ilsuiw
 26351 | Shoals:2 | Killed Ilsuiw
 26516 | Shoals:2 | Reached XP level 17. HP: 168/168 MP: 23/23
 26739 | Shoals:2 | Received a gift from Okawaru
 27728 | Shoals:3 | Identified the serpent talisman of Yesterday {rF+ Dex+2}
 27728 | Shoals:3 | Noticed Aizul
 27737 | Shoals:3 | Paralysed by a formless jellyfish for 1 turns
 27740 | Shoals:3 | Reached skill level 20 in Fighting
 27759 | Shoals:3 | Killed Aizul
 27759 | Shoals:3 | Received a gift from Okawaru
 28368 | Shoals:3 | Noticed a titan
 28368 | Shoals:3 | Noticed Bai Suzhen
 28368 | Shoals:3 | Noticed Mlioglotl
 28388 | Shoals:3 | Killed Bai Suzhen
 28571 | Shoals:3 | Killed Mlioglotl
 28576 | Shoals:3 | Killed a titan
 28838 | Shoals:4 | Entered Level 4 of the Shoals
 28864 | Shoals:4 | Paralysed by a formless jellyfish for 1 turns
 28866 | Shoals:4 | Received a gift from Okawaru
 29542 | Shoals:4 | Got a barnacled rune of Zot
 29674 | Shoals:4 | Reached skill level 21 in Fighting
 30241 | Vaults:1 | Entered Level 1 of the Vaults
 30259 | Vaults:1 | Received a gift from Okawaru
 30338 | Vaults:1 | Noticed Nikola
 30354 | Vaults:1 | Killed Nikola
 30355 | Vaults:1 | Reached XP level 18. HP: 178/182 MP: 24/24
 30513 | Vaults:1 | You are sucked into a shaft and drop 1 floor!
 30775 | Vaults:1 | Received a gift from Okawaru
 31290 | Vaults:1 | Noticed Saint Roka
 31319 | Vaults:1 | Killed Saint Roka
 31320 | Vaults:1 | Reached skill level 22 in Fighting
 31418 | Vaults:1 | Found a flickering gateway to a bazaar.
 31427 | Bazaar   | Entered a bazaar
 31447 | Bazaar   | Found Woqeph's Antique Weapon Emporium.
 31458 | Bazaar   | Found Teoxuuh's Distillery.
 31463 | Bazaar   | Bought a potion of haste for 70 gold pieces
 31463 | Bazaar   | Bought a potion of curing for 21 gold pieces
 31463 | Bazaar   | Bought a potion of might for 28 gold pieces
 31463 | Bazaar   | Bought 2 potions of invisibility for 112 gold pieces
 31463 | Bazaar   | Bought a potion of might for 28 gold pieces
 31463 | Bazaar   | Bought a potion of enlightenment for 35 gold pieces
 31474 | Bazaar   | Found Luhun's Book Shoppe.
 31506 | Bazaar   | Found Riturra's Distillery.
 31511 | Bazaar   | Bought a potion of might for 60 gold pieces
 31528 | Bazaar   | Found Nouso's Weapon Emporium.
 31616 | Vaults:1 | Received a gift from Okawaru
 32098 | Vaults:2 | Received a gift from Okawaru
 32159 | Vaults:2 | Noticed Margery
 32159 | Vaults:2 | Noticed a hellephant
 32174 | Vaults:2 | Reached skill level 1 in Throwing
 32176 | Vaults:2 | Killed Margery
 32183 | Vaults:2 | Killed a hellephant
 32324 | Vaults:2 | Found a staircase to the Crypt.
 32373 | Vaults:2 | Noticed Xtahua
 32390 | Vaults:2 | Paralysed by Xtahua for 5 turns
 32399 | Vaults:2 | Killed Xtahua
 32681 | Vaults:2 | Found a glowing golden altar of the Shining One.
 32782 | Vaults:2 | Received a gift from Okawaru
 32956 | Vaults:2 | Reached skill level 5 in Throwing
 33019 | Vaults:2 | Reached XP level 19. HP: 193/193 MP: 25/25
 33065 | Vaults:2 | Found Fein's Armour Emporium.
 33488 | Vaults:3 | Received a gift from Okawaru
 33700 | Vaults:3 | Found Gozag's Antique Armour Shoppe.
 33713 | Vaults:3 | Found an opulent altar of Gozag.
 33738 | Vaults:3 | Found Gozag's Antique Weapon Emporium.
 33740 | Vaults:3 | Found Gozag's Assorted Antiques.
 33963 | Vaults:3 | Received a gift from Okawaru
 34306 | Vaults:3 | Paralysed by a sphinx for 2 turns
 34577 | Vaults:3 | Reached skill level 10 in Throwing
 34611 | Vaults:3 | Found Sepecza's General Store.
 34619 | Vaults:3 | Bought 6 silver javelins for 1026 gold pieces
 35149 | Vaults:3 | Received a gift from Okawaru
 35323 | Vaults:4 | Paralysed by an orc sorcerer for 4 turns
 35670 | Vaults:4 | Noticed Jory
 35698 | Vaults:4 | HP: 1/193 [Jory/crystal spear (52)]
 35713 | Vaults:4 | Killed Jory
 35725 | Vaults:4 | Received a gift from Okawaru
 35746 | Vaults:4 | Reached XP level 20. HP: 28/202 MP: 18/26
 36008 | Vaults:4 | Found Tecsait's Antique Armour Shop.
 36013 | Vaults:4 | Found Zuthrylua's Book Shop.
 36016 | Vaults:4 | Bought a glowing cloak for 330 gold pieces
 36793 | Vaults:5 | Entered Level 5 of the Vaults
 36825 | Vaults:4 | Received a gift from Okawaru
 36837 | Vaults:5 | Noticed a dread lich
 36854 | Vaults:5 | Noticed a dread lich
 36872 | Vaults:5 | Noticed a golden dragon
 36878 | Vaults:4 | Paralysed by a dread lich for 5 turns
 36892 | Vaults:4 | Killed a dread lich
 36895 | Vaults:4 | Killed a dread lich
 36967 | Vaults:5 | Killed a golden dragon
 37002 | Vaults:5 | Reached skill level 15 in Throwing
 37009 | Vaults:5 | Received a gift from Okawaru
 37020 | Vaults:5 | Noticed a dread lich
 37026 | Vaults:4 | HP: 5/202 [tengu reaver/bolt of cold (54)]
 37026 | Vaults:4 | Mangled by a warg

Illustrated notes

Levels and vault maps discovered:
D:1:      tarquinn_simple_flora_water_e, layout_basic, minmay_tromino_i4
D:2:      layout_rooms, due_unseen_surprise, uniq_terence, uniq_natasha
D:3:      layout_basic, chequers_serial_rivers_micro_a
D:4:      layout_basic, mainiacjoe_overflow_concentric_impassable,
          minmay_temple_entry_offerings, serial_shops, nicolae_square_shop
D:5:      layout_basic, serial_demonic, serial_demonic_b, serial_demonic_d,
          serial_demonic_e, serial_demonic_f, gammafunk_ghost_mausoleum,
          grunt_ministairs_8, nrook_mini_vaults, kennysheep_flooded_box,
          nrook_loot_triangle, uniq_edmund
D:6:      minmay_skewed_foursquare, layout_gridville, serial_shops, shop
D:7:      layout_loops_ring, old_standard_altar, zin_purify,
          nicolae_shop_distant_corner_stores
D:8:      layout_basic, mainiacjoe_overflow_chevrons,
          gammafunk_ghost_gnarly_gnolls, dk_vineyard_2, hangedman_decor_points
D:9:      layout_gridville, due_lair_maze_entry_diamond,
          nicolae_elevator_lobby_plus
D:10:     layout_long_grid, minmay_joined_circles, uniq_psyche, uniq_harold,
          uniq_urug
D:11:     cheibrodos_shockbox, layout_irregular_city
D:12:     kennysheep_funnel, layout_loops_ring, minmay_orc_entry_temple_small,
          serial_shops, nicolae_shop_tiny_glass, uniq_azrael, uniq_fannar,
          uniq_erolcha
D:13:     layout_roguey [special_room_bee], uniq_sonja
D:14:     minmay_mutant_horseshoe, layout_cave_pods,
          skrybe_vaults_entry_preservation, hangedman_abyss_or_decor_clamps,
          uniq_snorg, uniq_louise, uniq_josephine
D:15:     hangedman_depths_entry_civil_slaughter, layout_basic,
          hangedman_decor_growths, gauntlet_entry_generic,
          grunt_dithmenos_smoke_and_mirrors
Temple:   regret_index_temple_mists
Lair:1:   layout_big_grid, gammafunk_ghost_hydra_chop
Lair:2:   layout_gridlike, shoals_dummy_entry, uniq_gastronok, uniq_amaemon
Lair:3:   layout_regular_city, hellmonk_spider_entry_life_and_decay,
          serial_bayou_pond_b, pond
Lair:4:   layout_roguey, serial_rivers, chequers_serial_rivers_micro_d,
          chequers_serial_rivers_micro_d, chequers_serial_rivers_large_b,
          chequers_serial_rivers_micro_a, hibernation_bobbens
Lair:5:   minmay_lair_end_frog_pond, layout_small_grid, slime_entry_1,
          st_stairs_5, lemuel_fruit_fields, uniq_kirke
Shoals:1: nicolae_shoals_lighthouse, layout_shoals, nicolae_shop_firing_range
Shoals:2: layout_shoals, hangedman_shoals_cup_caves, uniq_ilsuiw
Shoals:3: cheibrodos_shoals_gigantism, layout_shoals, uniq_mlioglotl,
          uniq_bai_suzhen, uniq_aizul
Shoals:4: shoals_end_hangedman, layout_shoals
Orc:1:    layout_caves
Orc:2:    grunt_orc_cross, layout_caves, nicolae_orc_stony_grotto,
          dreamdust_deal_with_the_devil, lemuel_statue_altar
Vaults:1: nicolae_vaults_loss_of_containment, v_alt_pattern_6,
          hangedman_vaults_corner_blocks, lightli_orcish_oven,
          nicolae_vaults_network_s, hangedman_vaults_stretched_pinwheel,
          layout_vaults_omnigrid, serial_shops, freezing_bzr, uniq_nikola,
          uniq_saint_roka
Vaults:2: ontoclasm_vaults_ring_square, minmay_crypt_entry_simple_round,
          ontoclasm_vaults_hangar, nicolae_vaults_mitosis,
          nicolae_vaults_closet_pinwheel_3, hangedman_vaults_stagger,
          lemuel_angel_altar, vaults_dpeg_hooks,
          nicolae_vaults_variable_pillar_hall, nicolae_vaults_house_2,
          nicolae_vaults_house_2, layout_vaults_ring, serial_shops,
          nicolae_diamond_shop, uniq_margery, uniq_xtahua
Vaults:3: v_alt_pattern_4, grunt_vaults_bifocal, vaults_room_pools,
          hangedman_vaults_trim, kennysheep_vaults_gozag_temple,
          nicolae_vaults_offset_grid_hallway_2, v_rooms_2,
          nicolae_vaults_tetromino_Z_1, nicolae_vaults_network_barrier,
          nicolae_vaults_sesquioval_fish, vaults_dpeg_cross,
          nicolae_vaults_big_ls, nicolae_vaults_what_the_h,
          nicolae_vaults_offset_grid_hallway_3, hangedman_vaults_corner_blocks,
          nicolae_vaults_house_1, layout_vaults_maze, serial_shops,
          nicolae_lakefront_shop
Vaults:4: nicolae_vaults_ellipses_ellipsis, vaults_room_fours, v_pattern_3,
          nicolae_vaults_double_plus_2, minmay_orc_keep, nicolae_vaults_heist,
          ontoclasm_vaults_shuriken, nicolae_vaults_closet_pinwheel_2,
          nicolae_vaults_trapezoid_1, nicolae_vaults_trapezoid_lopsided_1,
          nicolae_vaults_trapezoid_4, vaults_room_semicircle,
          layout_vaults_big_room, serial_shops, nicolae_diamond_shop, shop,
          uniq_jory
Vaults:5

Skill      XL: |  1  2  3  4  5  6  7  8  9 10 11 12 13 14 15 16 17 18 19 20 |
---------------+-------------------------------------------------------------+-----
Axes           | 3 4 5 6 7 9 11 13 15 16 17 18 | 18.0
Invocations    | 2 8 |  8.0
Fighting       | 6 8 10 11 12 14 15 17 19 21 22 | 22.5
Shields        | 5 7 8 11 13 14 | 14.1
Armour         | 5 7 8 11 13 15 17 19 21 | 21.0
Throwing       | 5 12 15 | 15.2

Action                     |  1- 3 |  4- 6 |  7- 9 | 10-12 | 13-15 | 16-18 | 19-21 || total
---------------------------+-------+-------+-------+-------+-------+-------+-------++-------
  Melee: War axe           |    84 |   101 |   220 |   140 |       |       |       ||   545
         Broad axe         |       |       |       |   210 |  1090 |  1038 |   649 ||  2987
         Morningstar       |       |       |       |    18 |       |       |       ||    18
         Demon whip        |       |       |       |       |    31 |       |       ||    31
  Throw: Dart              |       |     2 |     2 |     1 |       |       |       ||     5
         Boomerang         |       |       |       |       |     1 |       |       ||     1
 Invoke: Heroism           |       |       |     3 |     4 |       |       |       ||     7
         Finesse           |       |       |       |     4 |     5 |     6 |     7 ||    22
         Receive Weapon    |       |       |       |       |     1 |       |       ||     1
         Receive Armour    |       |       |       |       |     1 |       |       ||     1
  Evoke: Wand              |       |       |       |     4 |    15 |       |       ||    19
         Phial of floods   |       |       |       |       |       |       |     1 ||     1
    Use: Scroll            |     2 |     6 |     7 |     8 |     7 |     5 |     1 ||    36
         Potion            |       |     2 |     1 |     5 |       |     5 |     6 ||    19
 Armour: Scale mail        |    83 |     6 |       |       |       |       |       ||    89
         Plate armour      |       |    83 |   198 |   369 |   348 |       |       ||   998
         Skin              |       |       |       |     1 |       |       |       ||     1
         Chain mail        |       |       |       |       |   197 |   727 |   484 ||  1408
  Dodge: Dodged            |    37 |    18 |    59 |    92 |   152 |   241 |   130 ||   729
  Block: Buckler           |    17 |    24 |     9 |       |       |       |       ||    50
         Kite shield       |       |       |    58 |   180 |   591 |  1351 |   678 ||  2858
         Reflection        |       |       |       |       |    27 |   118 |    37 ||   182
         Tower shield      |       |       |       |       |   197 |       |       ||   197

Table legend: (Time is in decaauts)
 A = Elapsed time spent in this place.
 B = Non-inter-level travel time spent in this place.
 C = Inter-level travel time spent in this place.
 D = Time resting spent in this place.
 E = Time spent auto-exploring this place.
 F = Levels seen in this place.
 G = Mean time per level.
                   A        B        C        D        E       F      G
               +--------+--------+--------+--------+--------+-----+--------+
         Total |  36148 |  34543 |   1605 |   2443 |  23978 |  34 | 1063.2 |
       Dungeon |  15805 |  14923 |    882 |    954 |  11454 |  15 | 1053.7 |
        Temple |     39 |      3 |     36 |      0 |      0 |   1 |   39.0 |
          Lair |   5964 |   5694 |    270 |    577 |   3837 |   5 | 1192.8 |
        Shoals |   5264 |   5134 |    130 |    254 |   2580 |   4 | 1316.0 |
  Orcish Mines |   2224 |   2116 |    108 |    374 |   1351 |   2 | 1112.0 |
        Vaults |   6319 |   6142 |    177 |    280 |   4476 |   5 | 1263.8 |
        Bazaar |    119 |    119 |      0 |      0 |    103 |   1 |  119.0 |
      Gauntlet |    412 |    412 |      0 |      3 |    177 |   1 |  412.0 |
               +--------+--------+--------+--------+--------+-----+--------+

Top non-repeatable levels by time:
    D:14: 1924 daAuts
Vaults:3: 1871 daAuts
Shoals:3: 1867 daAuts
   Orc:2: 1695 daAuts
Vaults:4: 1513 daAuts
    D:10: 1472 daAuts
Vaults:2: 1453 daAuts
  Lair:5: 1438 daAuts
Vaults:1: 1418 daAuts
     D:9: 1389 daAuts
  Lair:2: 1325 daAuts
    D:11: 1300 daAuts
  Lair:3: 1265 daAuts
Shoals:2: 1166 daAuts
     D:5: 1166 daAuts
